 Dungeon Crawl Stone Soup version 0.19-a0-1875-g4fea3da (webtiles) character file.

4615 holy777 the Covert (level 10, 0/73 HPs)
             Began as a Vampire Assassin on Oct 13, 2016.
             Was a Believer of Dithmenos.
             Slain by a troll (10 damage)
             ... on level 9 of the Dungeon.
             The game lasted 00:36:29 (13908 turns).

holy777 the Covert (Vampire Assassin)              Turns: 13908, Time: 00:36:29

Health: 0/73       AC: 13    Str: 13    XL:     10   Next: 19%
Magic:  10/10      EV: 16    Int: 15    God:    Dithmenos [**....]
Gold:   538        SH:  0    Dex: 21    Spells: 2 memorised, 5 levels left

rFire  . . .     SeeInvis +     B - +3 dagger (pain)
rCold  . . .     Gourm    .     e - +4 ring mail "Fosh" {Dex+3}
rNeg   + . .     Faith    .     (no shield)
rPois  .         Spirit   .     n - +1 helmet
rElec  .         Dismiss  .     x - +0 cloak
rCorr  +         Reflect  .     v - +0 pair of gloves
MR     +....     Harm     .     (no boots)
Stlth  ++++++....               l - amulet of rage
                                r - +3 ring of strength
                                k - ring of resist corrosion

@: wreathed by umbra
A: fangs 3, see invisible, unbreathing
a: Bat Form, Shadow Step, Renounce Religion, Evoke Berserk Rage


You were on level 9 of the Dungeon.
You worshipped Dithmenos.
Dithmenos was pleased with you.
You were not thirsty.

You visited 2 branches of the dungeon, and saw 10 of its levels.
You also visited: Ossuary.

You collected 538 gold pieces.

Inventory:

Hand Weapons
 b - a +0 blowgun
 g - a +0 spear of piercing
 B - a +3 dagger of pain (weapon)
Missiles
 s - 8 curare-tipped needles
 C - 7 needles of confusion
 D - 8 poisoned needles
Armour
 e - the +4 ring mail "Fosh" (worn) {Dex+3}
   (You found it on level 6 of the Dungeon)

   It affects your dexterity (+3).
 n - a +1 helmet (worn)
 v - a +0 pair of gloves (worn)
 x - a +0 cloak (worn)
Magical Staves
 p - an uncursed staff of energy
Jewellery
 k - a ring of resist corrosion (left hand)
 l - an amulet of rage (around neck)
 r - a +3 ring of strength (right hand)
Wands
 q - a wand of digging (7/24)
 F - a wand of enslavement (13/24)
Scrolls
 j - 2 scrolls of remove curse
 w - 2 scrolls of recharging
 y - a scroll of magic mapping
 A - 3 scrolls of enchant armour
 J - a scroll of amnesia
 K - a scroll of holy word {unknown}
Potions
 c - a potion of berserk rage {unknown}
 d - a potion of might
 f - 2 potions of brilliance {unknown}
 h - 2 potions of resistance {unknown}
 i - 2 potions of invisibility {unknown}
 m - a potion of mutation {unknown}
 o - a potion of cure mutation {unknown}
 t - 4 potions of agility {unknown}
 u - a potion of cancellation {unknown}
 z - a potion of magic {unknown}
 E - a potion of heal wounds
 G - 3 potions of lignification {unknown}
 H - a potion of curing
 I - a potion of beneficial mutation {unknown}
Books
 a - a book of Battle

   Spells                             Type                      Level
   a - Infusion                       Charms                       1
   b - Shroud of Golubria             Charms/Translocation         2
   c - Song of Slaying                Charms                       2
   d - Spectral Weapon                Hexes/Charms                 3
   e - Regeneration                   Charms/Necromancy            3


   Skills:
 + Level 4.8 Fighting
 + Level 7.5 Short Blades
 + Level 2.1 Polearms
 + Level 4.1 Throwing
 + Level 2.2 Armour
 * Level 7.5 Dodging
 * Level 13.0 Stealth
 * Level 1.4 Charms
 * Level 1.8 Necromancy
 + Level 0.6 Evocations


You had 5 spell levels left.
You knew the following spells:

 Your Spells              Type           Power        Failure   Level  Hunger
a - Regeneration          Chrm/Necr      #.........   86%         3    ####...
b - Infusion              Chrm           #...         38%         1    ##.....


Dungeon Overview and Level Annotations

Branches:
Dungeon (9/15)             Temple (1/1) D:7
   Lair: D:8-11         Orc: D:9-12

Altars:
Ashenzari
Cheibriados
Dithmenos
Elyvilon
Fedhas
Gozag
Hepliaklqana
Kikubaaqudgha
Makhleb
Nemelex Xobeh
Okawaru
Qazlal
Ru
Sif Muna
Trog
Uskayaw
Vehumet
Xom
Yredelemnul
Zin
The Shining One


Innate Abilities, Weirdness & Mutations

You have razor-sharp teeth.
You have supernaturally acute eyesight. (SInv)
You can survive without breathing.


Message History

The troll is heavily wounded.
You hit the troll but do no damage.
The troll writhes in agony.
The troll is severely wounded.
The troll misses you. x3
You hit the troll.
The troll writhes in agony.
Your bite misses the troll.
The troll is severely wounded.
The orc priest misses you. The troll barely misses you. The troll claws you!
The troll completely misses you.
You barely miss the troll. You bite the troll, but do no damage.
The troll is severely wounded.
You hit the troll but do no damage.
The troll is severely wounded.
The orc priest calls down the wrath of Beogh upon you.
Beogh smites you!
The troll misses you. x2; The troll completely misses you.
The orc priest mumbles some strange prayers to Beogh against you.
Beogh smites you!
* * * LOW HITPOINT WARNING * * *
You fail to use your ability.
The scorpion barely misses you. The troll bites you!
You die...

##..##
#####..######
##...........##
#.............##
...............#
.............(.#
.......>.......#
..........T....#
.........os@...#
#####.######..##
§§#.# #.##
§§§#.# ### §§§#.
§§§#_


You could see a troll, a scorpion and an orc priest.

Vanquished Creatures
  A troll (D:5)
  A hippogriff (D:8)
  Sigmund (D:2)
  A spriggan (D:7)
  A wyvern (D:7)
  Menkaure (D:5)
  2 orc warriors
  A necrophage (D:9)
  An ice beast (D:6)
  A black bear (D:7)
  3 sky beasts
  6 ogres
  A phantom (D:8)
  2 centaurs
  4 bullfrogs
  A gnoll sergeant (D:6)
  A water moccasin skeleton (D:9)
  3 scorpions
  4 howler monkeys
  3 crimson imps
  2 quasits
  7 orc priests
  3 jellies
  4 orc wizards
  A centaur skeleton (D:8)
  6 hounds
  A bullfrog skeleton (D:5)
  6 worker ants
  2 hound skeletons
  3 mummies (Ossuary)
  A worker ant zombie (D:7)
  Robin (D:2)
  A howler monkey skeleton (D:9)
  9 adders
  15 gnolls
  3 shadow imps
  2 oozes
  2 adder skeletons (D:4)
  3 adder zombies (Ossuary)
  A dart slug (D:1)
  6 leopard geckos
  29 orcs
  6 bats
  6 giant cockroaches
  18 goblins
  11 hobgoblins
  16 jackals
  A quokka (D:4)
  3 frilled lizards
  3 hobgoblin zombies (Ossuary)
  A jackal zombie (D:9)
  12 kobolds
  6 kobold zombies (Ossuary)
  A quokka skeleton (D:5)
  3 quokka zombies (Ossuary)
  10 rats
  3 rat zombies (Ossuary)
247 creatures vanquished.

Notes
Turn   | Place    | Note
-------+----------+-------------------------------------------
     0 | D:1      | holy777 the Vampire Assassin began the quest for the Orb.
     0 | D:1      | Reached XP level 1. HP: 16/16 MP: 1/1
    24 | D:1      | Reached skill level 6 in Stealth
   184 | D:1      | Reached XP level 2. HP: 22/22 MP: 2/2
   425 | D:1      | Reached skill level 7 in Stealth
   475 | D:1      | Reached XP level 3. HP: 27/27 MP: 3/3
   728 | D:2      | Reached XP level 4. HP: 33/33 MP: 4/4
   758 | D:2      | Noticed Robin
   803 | D:2      | Killed Robin
   984 | D:2      | Noticed Sigmund
   992 | D:2      | Killed Sigmund
   992 | D:2      | Reached XP level 5. HP: 38/38 MP: 5/5
  1182 | D:2      | Reached XP level 6. HP: 44/44 MP: 6/6
  1249 | D:2      | Found a sparkling altar of Nemelex Xobeh.
  1568 | D:3      | Found a hazy altar of Hepliaklqana.
  2050 | D:3      | Reached skill level 8 in Stealth
  2834 | D:5      | Entered Level 5 of the Dungeon
  2852 | D:5      | Found a glowing golden altar of the Shining One.
  2925 | D:5      | Noticed a troll
  2928 | D:5      | Killed a troll
  2928 | D:5      | Reached skill level 9 in Stealth
  2928 | D:5      | Reached XP level 7. HP: 51/51 MP: 7/7
  3127 | D:5      | Noticed Menkaure
  3134 | D:5      | Killed Menkaure
  3134 | D:5      | Reached skill level 5 in Short Blades
  3274 | D:5      | Reached skill level 10 in Stealth
  3606 | D:5      | Reached XP level 8. HP: 35/58 MP: 8/8
  4143 | D:4      | Reached skill level 1 in Polearms
  4489 | D:5      | Found a white marble altar of Elyvilon.
  4803 | D:5      | Found a faded altar of an unknown god.
  4803 | D:5      | Found a shimmering altar of Xom.
  4808 | D:5      | Found a faded altar of an unknown god.
  4810 | D:5      | Found a faded altar of an unknown god.
  4811 | D:5      | Found a faded altar of an unknown god.
  4990 | D:4      | Reached skill level 5 in Dodging
  6061 | D:4      | Found a radiant altar of Vehumet.
  6080 | D:4      | Reached skill level 11 in Stealth
  6556 | D:4      | Found an iron altar of Okawaru.
  7375 | D:6      | Reached XP level 9. HP: 64/64 MP: 9/9
  8257 | D:6      | Got a bloodstained ring mail
  8268 | D:6      | Identified the +4 ring mail "Fosh" {Dex+3} (You found it on level 6 of the Dungeon)
 10503 | D:7      | Reached skill level 1 in Armour
 10754 | D:7      | Found a staircase to the Ecumenical Temple.
 11069 | D:7      | Reached skill level 12 in Stealth
 11347 | D:7      | Learned a level 3 spell: Regeneration
 11388 | D:7      | Found a sacrificial altar of Ru.
 11481 | D:7      | Found an opulent altar of Gozag.
 11626 | Temple   | Entered the Ecumenical Temple
 11660 | Temple   | Became a worshipper of Dithmenos the Shadowed
 12224 | D:8      | Found a sand-covered staircase.
 12256 | Ossuary  | Entered an ossuary
 12462 | Ossuary  | Reached * piety under Dithmenos
 12512 | Ossuary  | Learned a level 1 spell: Infusion
 12767 | D:8      | Reached skill level 1 in Necromancy
 13284 | D:8      | Reached XP level 10. HP: 60/73 MP: 10/10
 13473 | D:9      | Reached skill level 1 in Charms
 13878 | D:9      | Reached skill level 13 in Stealth
 13884 | D:9      | Reached ** piety under Dithmenos
 13891 | D:9      | Found a stormy altar of Qazlal.
 13908 | D:9      | Slain by a troll

Vault maps used:
D:1:      lightli_arrival_chessboard
D:2:      first_bread, nemelex_dance_club_becter, uniq_robin, uniq_sigmund
D:3:      lemuel_coloured_pillars_altar, chequers_big_river
D:4:      minitemple
D:5:      elyvilon_altar_5, chequers_temple_overflow_minitemple,
          nicolae_tso_carved_into_rock, minmay_small_thing, uniq_menkaure
D:6:      corexii_shack_village
D:7:      nicolae_gozag_cash_rules_everything_around_me, the_bakery,
          nicolae_ru_awakened_eye
D:8:      nicolae_ossuary_entry_ruins
D:9:      nicolae_qazlal_eye_of_the_storm, david_orc_1_choice
Temple:   cyrus_circular_temple
Ossuary:  ossuary_minmay_chase

Skill      XL: |  1  2  3  4  5  6  7  8  9 10 |
---------------+-------------------------------+-----
Stealth        | 6 7 9 10 11 12 13 | 13.0
Short Blades   | 3 4 5 6 7 |  7.5
Dodging        | 3 4 6 7 |  7.5
Fighting       | 2 3 4 |  4.8
Throwing       | 2 3 4 |  4.1
Polearms       | 1 2 |  2.1
Armour         | 2 |  2.2
Necromancy     | 1 |  1.8
Charms         | 1 |  1.4
Evocations     | |  0.6

Action                   |  1- 3 |  4- 6 |  7- 9 | 10-12 || total
-------------------------+-------+-------+-------+-------++-------
Melee: Dagger            |   126 |   133 |   791 |   101 ||  1151
       Bite              |    13 |    17 |   142 |    22 ||   194
       Spear             |       |     7 |   102 |       ||   109
       Unarmed           |       |       |     2 |       ||     2
 Fire: Blowgun           |     6 |     8 |   103 |       ||   117
 Abil: End Transformatio |       |     1 |    10 |     1 ||    12
       Bat Form          |       |     1 |    10 |     1 ||    12
       Evoke Berserk Rag |       |       |     1 |       ||     1
Evoke: Wand              |       |       |     1 |       ||     1
  Use: Scroll            |     1 |     4 |    15 |       ||    20
       Potion            |       |     1 |     2 |     2 ||     5
 Stab: Sleeping          |     2 |    16 |    21 |     7 ||    46
       Distracted        |       |       |     5 |       ||     5
  Eat: Corpse            |     9 |     4 |    32 |     1 ||    46
Armor: Robe              |    29 |    22 |    80 |       ||   131
       Ring mail         |       |       |    99 |    19 ||   118
Dodge: Dodged            |    69 |    73 |   559 |   109 ||   810
